 Dungeon Crawl Stone Soup version 0.31-a0-198-g2ad674f65e (webtiles) character file.

Game seed: 4728345696034961785

46 qw the Shooter (level 3, 0/20 HPs)
             Began as a Deep Elf Hunter on June 25, 2023.
             Succumbed to their own poison gas
             ... on level 1 of the Dungeon.
             The game lasted 00:00:25 (911 turns).

qw the Shooter (Deep Elf Hunter)                     Turns: 911, Time: 00:00:26

Health: 0/20       AC:  6    Str: 10    XL:     3   Next: 44%
Magic:  5/5        EV: 16    Int: 13    God:
Gold:   41         SH:  0    Dex: 18    Spells: 2/2 levels left

rFire   . . .        Y - +0 shortbow
rCold   . . .        (shield currently unavailable)
rNeg    . . .        d - +0 ring mail
rPois   .            (no helmet)
rElec   .            h - +0 cloak
rCorr   .            (no gloves)
SInv    .            (no boots)
Will    .....        (no amulet)
Stlth   +            i - +5 ring of evasion
HPRegen 0.23/turn    (no ring)
MPRegen 0.09/turn

%: no passive effects
@: lethally poisoned (0 -> -8), weak-willed
A: no striking features
a: no special abilities


You were on level 1 of the Dungeon.
You visited 1 branch of the dungeon, and saw 1 of its levels.

You collected 41 gold pieces.


   Skills:
 - Level 1.5 Fighting
 + Level 7.0 Ranged Weapons
 - Level 2.4 Dodging
 - Level 1.2 Stealth


You had 2 spell levels left.
You didn't know any spells.
Your spell library was empty.

Inventory:

Hand Weapons
 Y - a +0 shortbow (weapon)
Armour
 d - a +0 ring mail (worn)
 h - a +0 cloak (worn)
Jewellery
 i - a +5 ring of evasion (left hand)
Scrolls
 l - a scroll of identify
Potions
 g - a potion of curing {unknown}

Dungeon Overview and Level Annotations

Branches:
Dungeon (1/15)

Altars:


Message History

You kill your kobold!
Your kobold's corpse dissolves into shadows!
Your rat is engulfed in poison gas.
Your rat is poisoned.
You kill your rat!
Your rat's corpse dissolves into shadows!
Done exploring.
906 ||| DROPPING scroll of butterflies.
You drop a scroll of butterflies.
Your dart slug is engulfed in poison gas.
Your dart slug is poisoned.
You kill your dart slug!
Your dart slug's corpse dissolves into shadows!
Done exploring.
907 ||| DROPPING 2 scrolls of summoning.
You drop 2 scrolls of summoning.
Done exploring.
(D) Dungeon
Where to? (* - list waypoints, ? - help)
What level of the Dungeon? (default 1, ? - help) Sorry, I don't know how to get there.
Enter note:
Enter note:
Enter note:
Enter note:
Enter note:
Enter note:
Enter note:
Enter note:
Enter note: Really walk into that cloud of poison gas?
You are engulfed in poison gas.
You are poisoned.
You feel very sick.
909 ||| Stepping ~*~*~tactically~*~*~ (cloud).
You feel very sick.
Things that are here:
2 scrolls of summoning; a scroll of butterflies; a +0 leather armour
There is a lethal amount of poison in your body!
You feel sick.
There is a lethal amount of poison in your body!
You die...

# #.#..# #.# #
#.#.## #0# # ##...#
#¤# # #...## #0#
####..##### #0#
##....#...# #0#
...##)#.#.# #¤#
#####.#.#.######.#
#####.#.#.#000¤¤@#
......#.#.#¤######
.######.#.#.#
.######.#.#.########
........#..).......#
#########..#%#####.#
#|.#.......#
#..#.#[#.###
#..#.#.#..#


There were no monsters in sight!

Vanquished Creatures
  A dart slug (D:1)
  5 ball pythons (D:1)
  2 endoplasms (D:1)
  A giant cockroach (D:1)
  4 hobgoblins (D:1)
  8 jackals (D:1)
  5 kobolds (D:1)
  A quokka (D:1)
  4 bats (D:1)
  4 frilled lizards (D:1)
  A goblin (D:1)
  5 rats (D:1)
41 creatures vanquished.

Notes
Turn   | Place    | Note
-------+----------+-------------------------------------------
     0 | D:1      | qw the Deep Elf Hunter began the quest for the Orb.
     0 | D:1      | Reached XP level 1. HP: 12/12 MP: 3/3
     0 | D:1      | 0 ||| qw: Version: 0.3-a-22-g0ed2b0b
     0 | D:1      | 0 ||| qw: Game counter: 5179
     0 | D:1      | 0 ||| qw: Melee chars always use a shield: true
     0 | D:1      | 0 ||| qw: God list: Okawaru
     0 | D:1      | 0 ||| qw: Allow faded altars: false
     0 | D:1      | 0 ||| qw: Do Orc after clearing Dungeon:15 true
     0 | D:1      | 0 ||| qw: Do second Lair branch before Depths: true
     0 | D:1      | 0 ||| qw: Lair rune preference: random
     0 | D:1      | 0 ||| qw: Goals: Normal
     0 | D:1      | 0 ||| PLANNING D:1-11
    63 | D:1      | Reached XP level 2. HP: 15/16 MP: 4/4
    66 | D:1      | Found a faded altar of an unknown god.
   130 | D:1      | Reached skill level 6 in Ranged Weapons
   375 | D:1      | Reached XP level 3. HP: 20/20 MP: 5/5
   488 | D:1      | Reached skill level 7 in Ranged Weapons
   884 | D:1      | 884 ||| UPGRADING to +0 ring mail.
   894 | D:1      | 894 ||| DROPPING +0 leather armour.
   895 | D:1      | 895 ||| UPGRADING to +0 cloak.
   900 | D:1      | 900 ||| UPGRADING to +5 ring of evasion.
   901 | D:1      | 901 ||| READING scroll labelled QIATHA NOKUVVY.
   902 | D:1      | 902 ||| READING scroll labelled KAGHIN WIXEOCU.
   903 | D:1      | 903 ||| READING scroll labelled IMUUDI QENTO.
   904 | D:1      | 904 ||| READING 3 scrolls labelled GESAIT ITUIBOLU.
   905 | D:1      | 905 ||| READING 2 scrolls labelled HAIM CIPINOPTI.
   906 | D:1      | 906 ||| DROPPING scroll of butterflies.
   907 | D:1      | 907 ||| DROPPING 2 scrolls of summoning.
   909 | D:1      | 909 ||| Stepping ~*~*~tactically~*~*~ (cloud).
   909 | D:1      | HP: 4/20 [poisoned by you (poison gas)]
   911 | D:1      | Succumbed to their own poison gas

Levels and vault maps discovered:
D:1:      dpeg_arrival_another_circle, layout_basic,
          hellmonk_ecumenical_altar_dog_temple, minivault_5, minmay_pentomino_o4

Skill      XL: |  1  2  3 |
---------------+----------+-----
Ranged Weapons | 6 7 |  7.0
Fighting       | |  1.5
Dodging        | |  2.4
Stealth        | |  1.2

Action                     || total
---------------------------++-------
   Fire: Shortbow          ||   105
    Use: Scroll            ||     5
 Armour: Leather armour    ||    19
  Dodge: Dodged            ||    34

Table legend:
 A = Non-vault XP
 B = Vault XP
 C = Vault XP percentage of total XP
 D = Non-vault monster count
 E = Vault monster count
 F = Vault count percentage of total count
                 A         B        C        D         E       F
            +---------+---------+-------+---------+---------+-------
      Total |      49 |      17 |  25.8 |      33 |       8 |  19.5
            +---------+---------+-------+---------+---------+-------
        D:1 |      49 |      17 |  25.8 |      33 |       8 |  19.5
            +---------+---------+-------+---------+---------+-------
